 Dungeon Crawl Stone Soup version 0.27-a0-1228-gfd60fd639a (webtiles) character file.

Game seed: 10316163530694213838

172213 LeChuckSC the Peltast (level 17, -4/140 HPs)
             Began as a Demonspawn Brigand on June 5, 2021.
             Was the Champion of Nemelex Xobeh.
             Killed from afar by a naga mage (20 damage)
             ... with a bolt of poison
             ... on level 4 of the Snake Pit on June 7, 2021.
             The game lasted 05:19:48 (36465 turns).

LeChuckSC the Peltast (Demonspawn Brigand)         Turns: 36465, Time: 05:19:49

Health: -4/140     AC: 33    Str: 23    XL:     17   Next: 40%
Magic:  27/27      EV:  5    Int: 19    God:    Nemelex Xobeh [******]
Gold:   1982       SH: 19    Dex: 12    Spells: 6/16 levels left

rFire    + + .     SeeInvis .   E - +4 short sword of the Sun {freeze, +Blink Will+ Int+4 Dex-4}
rCold    . . .     Faith    .   k - +0 kite shield "Siasasch" {rF++ Regen+ Slay+5}
rNeg     + . .     Spirit   .   K - +4 crystal plate armour
rPois    .         Reflect  +   (helmet unavailable)
rElec    .         Harm     .   c - +0 cloak
rCorr    .         Rampage  .   i - +0 pair of gloves
Will     ++...                  q - +2 pair of boots of the Turtledove {rN+ Int+2}
Stlth    ..........             F - amulet of reflection
HPRegen  1.33/turn              C - +4 ring of slaying
MPRegen  0.20/turn              z - +6 ring of strength

@: lethally poisoned (-4 -> -12), studying 2 skills
A: horns 3, thin metallic scales 2, ignite blood 3, spiny 3
a: Renounce Religion, Evoke Blink, Draw Escape, Draw Destruction, Draw
Summoning, Triple Draw, Deal Four, Stack Five


You were on level 4 of the Snake Pit.
You worshipped Nemelex Xobeh.
Nemelex Xobeh was exalted by your worship.
You visited 5 branches of the dungeon, and saw 28 of its levels.
You also visited: Bailey and Volcano.

You collected 3588 gold pieces.
You spent 1606 gold pieces at shops.

Inventory:

Hand Weapons
 f - a +6 halberd of flaming
 E - the +4 short sword of the Sun (weapon) {freeze, +Blink Will+ Int+4 Dex-4}
   (You found it in a bailey)

   It has been specially enchanted to freeze those struck by it, causing extra
   injury to most foes and up to half again as much damage against particularly
   susceptible opponents.
   It can also slow down cold-blooded creatures.
   It affects your intelligence (+4).
   It affects your dexterity (-4).
   It lets you blink.
   It increases your willpower.
Missiles
 d - 39 poisoned darts (quivered)
 e - 5 curare-tipped darts
Armour
 c - a +0 cloak (worn)
 i - a +0 pair of gloves (worn)
 k - the +0 kite shield "Siasasch" (worn) {rF++ Regen+ Slay+5}
   (You took it off Donald on level 2 of the Orcish Mines)

   It affects your accuracy and damage with ranged weapons and melee attacks
   (+5).
   It greatly protects you from fire.
   It increases your rate of health regeneration.
 q - the +2 pair of boots of the Turtledove (worn) {rN+ Int+2}
   (You acquired it on level 11 of the Dungeon)

   It affects your intelligence (+2).
   It protects you from negative energy.
 r - a +6 plate armour of positive energy
 K - a +4 crystal plate armour (worn)
 N - a +2 plate armour of fire resistance
Jewellery
 s - a ring of protection from cold
 z - a +6 ring of strength (right hand)
 C - a +4 ring of slaying (left hand)
 F - an amulet of reflection (around neck)
 M - a ring of flight
 T - a ring of fire
Wands
 m - a wand of digging (14)
 n - a wand of polymorph (24)
 p - a wand of paralysis (7)
 y - a wand of iceblast (42)
 Q - a wand of flame (82)
 W - a wand of acid (27)
Scrolls
 b - 3 scrolls of blinking
 o - 7 scrolls of identify
 t - a scroll of magic mapping
 u - 8 scrolls of fear
 v - a scroll of silence
 w - a scroll of enchant weapon
 B - 9 scrolls of teleportation
 G - 2 scrolls of brand weapon
 H - a scroll of fog
 S - 3 scrolls of amnesia
 Y - a scroll of summoning
Potions
 a - 4 potions of degeneration
 g - a potion of magic
 h - 4 potions of lignification
 j - 11 potions of ambrosia
 l - 4 potions of heal wounds
 x - 4 potions of flight
 A - 6 potions of mutation
 D - 6 potions of brilliance
 I - 2 potions of invisibility
 J - a potion of might
 O - a potion of resistance
 P - 4 potions of berserk rage
 R - a potion of cancellation
 U - 3 potions of attraction
 V - 5 potions of curing
 Z - a potion of haste
Miscellaneous
 X - a lightning rod (4/4)


   Skills:
 + Level 14.5 Fighting
 - Level 12.0 Short Blades
 + Level 3.1 Polearms
 - Level 1.7 Throwing
 + Level 10.3 Armour
 - Level 0.8 Dodging
 - Level 8.0 Stealth
 - Level 15.0 Shields
 - Level 4.3 Translocations
 + Level 4.0 Transmutations
 * Level 14.3 Invocations
 - Level 7.0 Evocations


You had 6 spell levels left.
You knew the following spells:

 Your Spells              Type           Power      Damage    Failure   Level
a - Gell's Gravitas       Tloc           8%         N/A       99%         3
b - Dragon Form           Tmut           7%         N/A       100%        7

Your spell library contained the following spells:

 Spells                   Type           Power      Damage    Failure   Level
 Apportation              Tloc           32%        N/A       90%         1
 Beastly Appendage        Tmut           30%        N/A       93%         1
 Blink                    Tloc           N/A        N/A       97%         2
 Wereblood                Tmut           15%        N/A       98%         2
 Animate Skeleton         Necr           0%         N/A       100%        1
 Corona                   Hex            0%         N/A       100%        1
 Foxfire                  Conj/Fire      0%         2x1d4     100%        1
 Magic Dart               Conj           0%         1d3       100%        1
 Sandblast                Erth           0%         2d4       100%        1
 Shock                    Conj/Air       0%         1d3       100%        1
 Summon Small Mammal      Summ           0%         N/A       100%        1
 Call Imp                 Summ           0%         N/A       100%        2
 Ensorcelled Hibernation  Hex/Ice        0%         N/A       100%        2
 Passwall                 Tmut/Erth      5%         N/A       100%        2
 Slow                     Hex            0%         N/A       100%        2
 Static Discharge         Conj/Air       0%         N/A       100%        2
 Confusing Touch          Hex            0%         N/A       100%        3
 Conjure Flame            Conj/Fire      0%         6-21      100%        3
 Dazzling Flash           Conj/Hex       0%         N/A       100%        3
 Mephitic Cloud           Conj/Pois/Air  0%         N/A       100%        3
 Spider Form              Tmut/Pois      3%         N/A       100%        3
 Stone Arrow              Conj/Erth      0%         3d7       100%        3
 Swiftness                Air            0%         N/A       100%        3
 Tukima's Dance           Hex            0%         N/A       100%        3
 Airstrike                Air            0%         N/A       100%        4
 Cause Fear               Hex            0%         N/A       100%        4
 Ice Form                 Ice/Tmut       7%         N/A       100%        4
 Petrify                  Tmut/Erth      7%         N/A       100%        4
 Hydra Form               Tmut           7%         N/A       100%        5
 Lee's Rapid Deconstruct  Erth           0%         3d5*      100%        5
 Lightning Bolt           Conj/Air       0%         1d11      100%        5
 Metabolic Englaciation   Hex/Ice        0%         N/A       100%        5
 Yara's Violent Unravell  Hex/Tmut       3%         3d4       100%        5
 Dragon's Call            Summ           0%         N/A       100%        9


Dungeon Overview and Level Annotations

Branches:
Dungeon (15/15)            Temple (1/1) D:5            Lair (6/6) D:9
 Shoals (0/4) Lair:3        Snake (4/4) Lair:2        Slime (0/5) Lair:5
    Orc (2/2) D:11            Elf (0/3) Orc:2        Vaults (0/5) D:13
 Depths (0/5) D:15         Bailey (visited)         Volcano (visited)

Altars:
Ashenzari
Cheibriados
Dithmenos
Elyvilon
Fedhas
Gozag
Hepliaklqana
Kikubaaqudgha
Makhleb
Nemelex Xobeh
Okawaru
Qazlal
Ru
Sif Muna
Trog
Uskayaw
Vehumet
Wu Jian
Xom
Yredelemnul
Zin
The Shining One
Beogh
Jiyva

Shops:
D:15 *   Orc:1 [   Orc:2 (:(?*   Snake:1 [:==   Snake:3 ?!:[

Portals:
Trove: D:12 (give +3 fire dragon scales)

Annotations:
D:5 2 transporters, sn0wgr3's ghost, novice GrFi


Innate Abilities, Weirdness & Mutations

You have a pair of large horns on your head.
You are mostly covered in thin metallic scales. (AC +3)
Your demonic aura causes all spilled blood to erupt in flames.
You are completely covered in sharp spines.


Message History

The naga mage constricts your shock serpent.
Your shock serpent bites the naga mage.
Your shock serpent shocks the naga mage!
The naga mage hits your shock serpent with a +1 spear of venom!
Your shock serpent looks as sick as possible!
Your shock serpent's electric aura discharges, shocking the naga mage!
The naga mage constricts your shock serpent.
You feel very sick. Something hits your shock serpent!
Your shock serpent looks as sick as possible!
Your shock serpent's electric aura discharges, shocking something!
Your shock serpent is constricted.
Your shock serpent struggles to escape constriction.
Something hits your shock serpent!
Your shock serpent looks as sick as possible!
Your shock serpent's electric aura discharges, shocking something!
Your shock serpent is constricted.
You swap places.
You feel very sick.
Your shock serpent dies!
Your shock serpent's corpse disappears in a puff of smoke!
You block the naga mage's attack.
You feel very sick. The naga mage spits poison at you.
The splash of poison hits your ice dragon but does no damage.
Your ice dragon is poisoned.
Your ice dragon bites the naga mage but does no damage.
Your ice dragon barely misses the naga mage.
Your ice dragon tramples the naga mage.
The naga mage holds its ground!
The naga mage dies!
You swap places.
A naga mage comes into view. It is wielding a +0 flail.
You feel yourself speed up.
You feel sick.
The naga mage shouts!
You hear a shout! x3
The naga mage gestures at you while chanting.
The bolt of poison hits you!!
You are more poisoned.
You die...
Your body disappears without a glow.

...'........'.....#
#...
.###......).'...).#
#...
.####.......#....##
#...
...##########....#
#... ...# #....# #...
...# #....#########
#... ...#
#............#####...
...#
#....D.........)..[..
...#
###)@D.......#)######
...# #)##########.#
...# #N# #.# #### ....
####.##
....N...##.)...#####
.........'....)))....
######...##.†.########
...........#
...........#


You could see a naga mage, a friendly fire dragon (summoned) and a friendly ice
dragon (summoned, poisoned).

Vanquished Creatures
  Kirke (D:12)
  Agnes (Snake:1)
  4 nagarajas
  A fire giant (shapeshifter) (D:15)
  Aizul (Snake:1)
  The ghost of sn0wgr3 the Protected, a journeyman GrFi of Uskayaw (Snake:1)
  Snorg (Orc:1)
  11 naga warriors
  Fannar (D:11)
  A rakshasa (D:15)
  3 hydras
  4 boulder beetles
  An ogre mage (D:13)
  5 salamander tyrants
  5 centaur warriors
  3 catoblepae
  A dancing weapon (Volcano)
  9 anacondas
  2 death knights
  3 two-headed ogres
  A tengu warrior (D:14)
  3 orc high priests (Orc:2)
  Urug (D:9)
  7 naga sharpshooters
  9 shock serpents
  3 salamander mystics
  4 skeletal warriors (D:12)
  2 sea snakes (Snake:2)
  A glowing orange brain (D:15)
  A phantasmal warrior (D:14)
  3 wizards (Volcano)
  2 deep elf zephyrmancers (D:13)
  A lindwurm (Lair:2)
  4 naga ritualists
  3 orc knights (Orc:2)
  2 deep elf pyromancers
  11 ugly things
  8 mana vipers
  7 orc sorcerers
  A harpy (D:7)
  An oklob plant (Lair:5)
  6 cyclopes
  4 manticores
  15 salamanders
  31 black mambas
  2 guardian serpents (Snake:1)
  6 elephants
  13 naga magi
  2 gargoyles
  A merfolk siren (Lair:3)
  A black mamba (shapeshifter) (D:15)
  5 toenail golems (Volcano)
  A kobold demonologist (D:13)
  16 cane toads
  3 unseen horrors
  4 rime drakes
  9 komodo dragons
  An efreet (D:13)
  A tengu conjurer (D:14)
  5 yaktaurs
  A freezing wraith (D:14)
  8 hornets
  10 polar bears
  A queen bee (Lair:2)
  6 trolls
  25 blink frogs
  9 slime creatures
  15 spriggans (Lair:6)
  2 hogs (D:12)
  9 wyverns
  A vampire (D:9)
  7 wraiths
  A human (shapeshifter) (D:6)
  47 yaks
  Eustachio (D:4)
  A water elemental (D:12)
  6 basilisks
  2 steam dragons
  4 vampire mosquitoes
  2 wargs
  25 nagas
  16 water moccasins
  An ice beast (D:6)
  4 sky beasts
  4 black bears
  2 necrophages
  24 orc warriors
  4 ogres
  3 boggarts (Lair:6)
  9 centaurs
  26 wolves
  A lemure (D:4)
  2 phantoms
  5 bullfrogs
  3 kobold brigands
  2 scorpions
  6 gnoll sergeants
  27 killer bees
  3 wights (D:6)
  3 howler monkeys (D:8)
  7 electric eels
  3 centaur zombies
  A bullfrog zombie (D:5)
  3 hounds
  A jelly (D:4)
  5 orc priests
  3 centaur skeletons
  7 iguanas
  20 orc wizards
  8 hell rats
  2 killer bee zombies
  2 howler monkey zombies
  24 gnolls
  A howler monkey skeleton (D:5)
  6 adders
  A white imp (D:6)
  2 ufetubi (D:5)
  2 adder skeletons (D:4)
  A worm (D:2)
  2 dart slugs
  46 orcs
  7 bats
  6 endoplasms
  3 giant cockroaches
  9 goblins
  9 hobgoblins
  8 jackals
  4 quokkas
  8 ball pythons
  5 frilled lizards
  18 kobolds
  4 rats
816 creatures vanquished.

Vanquished Creatures (collateral kills)
  Donald (Orc:2)
  3 hydras
  A two-headed ogre (D:13)
  An orc high priest (Orc:2)
  A deep elf knight (D:13)
  Pikel (D:5)
  A phantasmal warrior (D:11)
  2 naga ritualists
  2 deep elf pyromancers
  An orc knight (Orc:2)
  5 elephants (Lair:5)
  2 naga magi
  A black mamba (Lair:5)
  2 cane toads (Lair:6)
  A komodo dragon (Lair:6)
  A hornet (Lair:3)
  4 dream sheep (Lair:6)
  Grinder (D:6)
  A wyvern (Lair:4)
  3 yaks (Lair:4)
  A naga (Snake:2)
  An acid dragon (D:8)
  4 orc warriors
  A necrophage (D:6)
  An ogre (D:13)
  A kobold brigand (D:13)
  A bullfrog (Lair:4)
  A scorpion (D:7)
  An electric eel (D:12)
  An orc priest (Orc:2)
  An orc wizard (Orc:2)
  3 hell rats (Lair:3)
  2 gnolls
  5 orcs
  A kobold (Bailey)
60 creatures vanquished.

Vanquished Creatures (others)
  2 wizards (Volcano)
  A human (D:12)
  50 fungi
  63 plants
116 creatures vanquished.

Grand Total: 992 creatures vanquished

Notes
Turn   | Place    | Note
-------+----------+-------------------------------------------
     0 | D:1      | LeChuckSC the Demonspawn Brigand began the quest for the
                  | Orb.
     0 | D:1      | Reached XP level 1. HP: 16/16 MP: 1/1
   272 | D:1      | Gained mutation: You are partially covered in sharp spines.
                  | [demonic ancestry]
   272 | D:1      | Reached XP level 2. HP: 19/22 MP: 2/2
   353 | D:1      | Found a faded altar of an unknown god.
   975 | D:1      | Gained mutation: You are mostly covered in sharp spines.
                  | [demonic ancestry]
   975 | D:1      | Reached XP level 3. HP: 28/28 MP: 3/3
  1797 | D:2      | Reached XP level 4. HP: 33/34 MP: 4/4
  2076 | D:3      | Found an ancient bone altar of Kikubaaqudgha.
  2137 | D:3      | Reached skill level 5 in Stealth
  2137 | D:3      | Gained mutation: Your demonic aura sometimes causes spilled
                  | blood to erupt in flames. [demonic ancestry]
  2137 | D:3      | Reached XP level 5. HP: 26/41 MP: 5/5
  2287 | D:3      | Found a sparkling altar of Nemelex Xobeh.
  2293 | D:3      | Became a worshipper of Nemelex Xobeh the Trickster
  2622 | D:3      | You fall into a shaft and drop 3 floors!
  2623 | D:6      | Noticed a necrophage
  2641 | D:6      | Noticed a phantom
  2648 | D:5      | Entered Level 5 of the Dungeon
  2660 | D:5      | Reached skill level 1 in Invocations
  2668 | D:5      | Killed a phantom
  2669 | D:5      | Gained mutation: You have a pair of small horns on your
                  | head. [demonic ancestry]
  2669 | D:5      | Reached XP level 6. HP: 23/47 MP: 5/7
  2842 | D:5      | Noticed Pikel
  2871 | D:5      | Noticed a sky beast
  2980 | D:4      | Noticed Eustachio
  3005 | D:4      | Killed Eustachio
  3054 | D:4      | Reached * piety under Nemelex Xobeh
  3221 | D:3      | Received a gift from Nemelex Xobeh
  3359 | D:3      | Gained mutation: Your demonic aura often causes spilled
                  | blood to erupt in flames. [demonic ancestry]
  3359 | D:3      | Reached XP level 7. HP: 50/53 MP: 9/9
  3907 | D:4      | Found a burning altar of Makhleb.
  4303 | D:4      | Learned a level 2 spell: Blink
  4304 | D:4      | Reached ** piety under Nemelex Xobeh
  4825 | D:5      | Found an ornate altar of the Wu Jian Council.
  5075 | D:5      | Killed Pikel
  5077 | D:5      | Gained mutation: You are partially covered in thin metallic
                  | scales. (AC +2) [demonic ancestry]
  5077 | D:5      | Reached XP level 8. HP: 61/61 MP: 9/11
  5160 | D:5      | Noticed sn0wgr3's ghost (novice GrFi)
  5161 | D:5      | Received a gift from Nemelex Xobeh
  5204 | D:5      | Found a transporter.
  5664 | D:5      | Found a staircase to the Ecumenical Temple.
  5672 | Temple   | Entered the Ecumenical Temple
  6254 | D:5      | Found a transporter.
  6488 | D:6      | Reached skill level 5 in Fighting
  6491 | D:6      | Reached skill level 5 in Invocations
  6983 | D:6      | Reached skill level 5 in Short Blades
  7134 | D:6      | Reached skill level 1 in Shields
  7285 | D:6      | Noticed Grinder
  7315 | D:6      | Killed Grinder
  7342 | D:6      | Received a gift from Nemelex Xobeh
  7345 | D:6      | Found a stormy altar of Qazlal.
  7471 | D:6      | Gained mutation: You are mostly covered in thin metallic
                  | scales. (AC +3) [demonic ancestry]
  7471 | D:6      | Reached XP level 9. HP: 69/69 MP: 13/13
  7471 | D:6      | Noticed a manticore
  7530 | D:6      | Reached skill level 2 in Shields
  7551 | D:6      | Killed a manticore
  7801 | D:7      | Found an opulent altar of Gozag.
  8244 | D:7      | Identified the +5 quarterstaff "Buch" {speed, Will- Dex+4}
  8299 | D:7      | Identified a scroll of acquirement
  8299 | D:7      | Acquired a +2 hat of willpower
  8317 | D:7      | Noticed a troll
  8337 | D:7      | a troll changed into a human
  8468 | D:7      | Reached skill level 3 in Shields
  8468 | D:7      | Reached skill level 1 in Translocations
  8775 | D:7      | Noticed a komodo dragon
  8777 | D:7      | Noticed a harpy
  8777 | D:7      | a komodo dragon changed into a harpy
  8784 | D:7      | Killed a harpy
  8989 | D:8      | Received a gift from Nemelex Xobeh
  9062 | D:8      | Reached *** piety under Nemelex Xobeh
  9362 | D:8      | Gained mutation: You have a pair of horns on your head.
                  | [demonic ancestry]
  9362 | D:8      | Reached XP level 10. HP: 27/77 MP: 15/15
  9825 | D:8      | Noticed a deep elf pyromancer
  9836 | D:8      | Killed a deep elf pyromancer
  9837 | D:8      | Reached skill level 4 in Shields
 10169 | D:8      | Received a gift from Nemelex Xobeh
 10648 | D:9      | Found a staircase to the Lair.
 10750 | D:9      | Found a hide-covered altar of Uskayaw.
 10859 | D:9      | Noticed a gargoyle
 10868 | D:9      | Killed a gargoyle
 11214 | D:9      | Reached skill level 5 in Shields
 11739 | D:10     | Entered Level 10 of the Dungeon
 11796 | D:10     | Reached XP level 11. HP: 86/86 MP: 16/16
 11847 | D:10     | Found a flagged portal.
 11856 | Bailey   | Entered a bailey
 11909 | Bailey   | Found an iron altar of Okawaru.
 11918 | Bailey   | Identified the +4 short sword of the Sun {freeze, +Blink
                  | Will+ Int+4 Dex-4}
 11926 | Bailey   | Identified the +1 ring mail of Unambiguity {Regen+ Str+4
                  | Dex+3}
 12249 | D:10     | Reached skill level 1 in Evocations
 12602 | D:10     | Received a gift from Nemelex Xobeh
 12602 | D:10     | Noticed a two-headed ogre
 12603 | D:10     | Killed a two-headed ogre
 13266 | D:11     | Noticed Fannar
 13283 | D:11     | Killed Fannar
 13284 | D:11     | Reached skill level 10 in Short Blades
 13284 | D:11     | Reached skill level 6 in Shields
 13541 | D:11     | Noticed a boulder beetle
 13552 | D:11     | Killed a boulder beetle
 14366 | D:11     | Noticed a death knight
 14367 | D:11     | Noticed a phantasmal warrior
 14387 | D:11     | Killed a death knight
 14393 | D:11     | Killed a phantasmal warrior
 14678 | D:11     | Received a gift from Nemelex Xobeh
 14703 | D:11     | Found a staircase to the Orcish Mines.
 14744 | D:11     | Reached **** piety under Nemelex Xobeh
 14753 | D:11     | Acquired the +2 pair of boots of the Turtledove {rN+ Int+2}
 14776 | D:11     | Gained mutation: You have a pair of large horns on your
                  | head. [demonic ancestry]
 14776 | D:11     | Reached XP level 12. HP: 95/95 MP: 17/17
 15264 | Lair:1   | Entered Level 1 of the Lair of Beasts
 15410 | Lair:1   | Noticed a five-headed hydra
 15411 | Lair:1   | Noticed Urug
 15447 | D:9      | Killed a five-headed hydra
 15459 | D:9      | HP: 1/95 [Urug/silver javelin (5)]
 15460 | D:9      | Killed Urug
 15910 | Lair:1   | Reached skill level 7 in Shields
 15982 | Lair:1   | Received a gift from Nemelex Xobeh
 15984 | Lair:1   | Upgraded the game from 0.27-a0-1217-g8a41f320e8 to
                  | 0.27-a0-1219-g958d993ae5
 16210 | Lair:1   | Acquired a +2 crystal plate armour
 16296 | Lair:1   | Reached skill level 5 in Evocations
 17230 | Lair:2   | Received a gift from Nemelex Xobeh
 17313 | Lair:2   | Found a dark tunnel.
 17323 | Volcano  | Entered a volcano
 17361 | Volcano  | Reached skill level 10 in Fighting
 17705 | Volcano  | Reached skill level 8 in Shields
 17924 | Lair:2   | Reached skill level 1 in Armour
 17924 | Lair:2   | Reached XP level 13. HP: 53/104 MP: 18/18
 18607 | Lair:2   | Found a staircase to the Snake Pit.
 19474 | Lair:3   | Received a gift from Nemelex Xobeh
 19759 | Lair:3   | Reached skill level 9 in Shields
 19870 | Lair:3   | Received a gift from Nemelex Xobeh
 20231 | Lair:3   | Received a gift from Nemelex Xobeh
 20235 | Lair:3   | Reached ***** piety under Nemelex Xobeh
 20416 | Lair:3   | Found a staircase to the Shoals.
 20603 | Lair:4   | Received a gift from Nemelex Xobeh
 21242 | Lair:4   | Received a gift from Nemelex Xobeh
 21290 | Lair:4   | Reached skill level 10 in Shields
 22045 | Lair:5   | Received a gift from Nemelex Xobeh
 22110 | Lair:5   | Reached XP level 14. HP: 113/113 MP: 19/19
 22171 | Lair:5   | Found a radiant altar of Vehumet.
 22406 | Lair:5   | Reached skill level 5 in Armour
 22456 | Lair:5   | Found a staircase to the Slime Pits.
 22457 | Lair:5   | Found a viscous altar of Jiyva.
 22731 | Lair:5   | Reached skill level 11 in Shields
 22917 | Lair:6   | Entered Level 6 of the Lair of Beasts
 23259 | Lair:6   | Received a gift from Nemelex Xobeh
 24372 | Lair:6   | Received a gift from Nemelex Xobeh
 24800 | Lair:6   | Identified the -1 quarterstaff "Usu Giun" {protect, Will+}
 25176 | Orc:1    | Entered Level 1 of the Orcish Mines
 25176 | Orc:1    | Found Odisueha's Antique Armour Shoppe.
 25242 | Orc:1    | Noticed Snorg
 25243 | Orc:1    | Identified the -1 hand axe of Egil {freeze, rC++ rN+ rCorr
                  | MP-9}
 25251 | Orc:1    | Killed Snorg
 25252 | Orc:1    | Reached skill level 12 in Shields
 25657 | Orc:2    | Entered Level 2 of the Orcish Mines
 26229 | Orc:2    | Received a gift from Nemelex Xobeh
 27307 | Orc:2    | Gained mutation: You are completely covered in sharp
                  | spines. [demonic ancestry]
 27307 | Orc:2    | Reached XP level 15. HP: 70/122 MP: 21/21
 27620 | Orc:2    | Found a staircase to the Elven Halls.
 27658 | Orc:2    | Found Ugrongic's Antique Weapon Shoppe.
 27691 | Orc:2    | Reached ****** piety under Nemelex Xobeh
 27795 | Orc:2    | Found Quasiu's Book Shoppe.
 27800 | Orc:2    | Found Jobriafy's Magic Scroll Shop.
 27807 | Orc:2    | Bought a scroll of identify for 26 gold pieces
 27807 | Orc:2    | Bought a scroll of identify for 26 gold pieces
 27807 | Orc:2    | Bought a scroll of summoning for 123 gold pieces
 27807 | Orc:2    | Found Wohapt's Assorted Antiques.
 27809 | Orc:2    | Found Onunogg's Antique Weapon Shoppe.
 27815 | Orc:2    | Bought a lumpy yellow potion for 22 gold pieces
 27819 | Orc:2    | Bought a runed short sword for 210 gold pieces
 27926 | Orc:2    | Identified the +0 kite shield "Siasasch" {rF++ Regen+
                  | Slay+5}
 27926 | Orc:2    | Noticed Donald
 27945 | Orc:2    | Identified the +2 long sword of Impeachment {venom, Dex+3}
 27950 | Orc:2    | Killed Donald
 28215 | D:12     | Received a gift from Nemelex Xobeh
 28287 | D:12     | Noticed Kirke
 28295 | D:12     | Killed Kirke
 28885 | D:12     | Found a portal to a secret trove of treasure.
 29030 | D:12     | Reached skill level 13 in Shields
 29270 | D:13     | Received a gift from Nemelex Xobeh
 29447 | D:13     | Acquired a manual of Translocations
 29455 | D:13     | Learned a level 3 spell: Gell's Gravitas
 29773 | D:13     | Found a gate to the Vaults.
 30547 | D:15     | Entered Level 15 of the Dungeon
 30560 | D:15     | Reached skill level 10 in Invocations
 30678 | D:15     | Found Zin's Purification Station.
 31025 | D:15     | Noticed a fire giant
 31025 | D:15     | an iron troll changed into a fire giant
 31031 | D:15     | Killed a fire giant
 31332 | D:15     | Found a staircase to the Depths.
 31514 | Snake:1  | Entered Level 1 of the Snake Pit
 31514 | Snake:1  | Noticed Aizul
 31520 | Snake:1  | Received a gift from Nemelex Xobeh
 31530 | Snake:1  | Killed Aizul
 31531 | Snake:1  | Reached skill level 14 in Shields
 31531 | Snake:1  | Reached XP level 16. HP: 105/131 MP: 22/24
 31565 | Snake:1  | Identified the +1 buckler of Voovetes {rElec}
 31793 | Snake:1  | Found Quifurad's Antique Armour Boutique.
 31850 | Snake:1  | Noticed Agnes
 31864 | Snake:1  | Killed Agnes
 32093 | Snake:1  | Found a runed translucent door.
 32094 | Snake:1  | Noticed sn0wgr3's ghost (journeyman GrFi)
 32128 | Snake:1  | Killed sn0wgr3's ghost
 32323 | Snake:1  | Found Azaengoh's Book Shoppe.
 32323 | Snake:1  | Found Xyguit's Jewellery Shop.
 32324 | Snake:1  | Found Nion's Jewellery Shop.
 32332 | Snake:1  | Bought a manual of Shields for 1104 gold pieces
 32548 | Snake:2  | Received a gift from Nemelex Xobeh
 33379 | Snake:2  | Reached skill level 15 in Shields
 33609 | Snake:2  | Learned a level 7 spell: Dragon Form
 33990 | Snake:2  | Reached skill level 1 in Transmutations
 34080 | Snake:2  | Received a gift from Nemelex Xobeh
 34563 | Snake:3  | Upgraded the game from 0.27-a0-1219-g958d993ae5 to
                  | 0.27-a0-1228-gfd60fd639a
 34654 | Snake:3  | Found Xoowif's Armour Boutique.
 34657 | Snake:3  | Found Nateohyt's Book Boutique.
 34657 | Snake:3  | Found Walopiw's Distillery.
 34660 | Snake:3  | Found Dior Iqu's Magic Scroll Shop.
 34671 | Snake:3  | Bought a potion of heal wounds for 95 gold pieces
 34966 | Snake:3  | Reached skill level 1 in Polearms
 35070 | Snake:3  | Gained mutation: Your demonic aura causes all spilled blood
                  | to erupt in flames. [demonic ancestry]
 35070 | Snake:3  | Reached XP level 17. HP: 139/139 MP: 26/26
 35092 | Snake:3  | Received a gift from Nemelex Xobeh
 35457 | Snake:4  | Entered Level 4 of the Snake Pit
 35536 | Snake:4  | Received a gift from Nemelex Xobeh
 35571 | Snake:4  | Reached skill level 10 in Armour
 36447 | Snake:4  | Identified the +4 executioner's axe of Loykh {flame, Drain
                  | rElec rN+ Str+4}
 36465 | Snake:4  | Killed from afar by a naga mage

Illustrated notes

Levels and vault maps discovered:
D:1:      dpeg_arrival_simpleton_c, layout_loops_ring,
          chequers_ecumenical_altar_simple_redux, grunt_decor_arrowhead
D:2:      layout_rooms, minmay_distorted
D:3:      layout_basic, nicolae_kikubaaqudgha_miasma_corner,
          nemelex_xobeh_ov_fountains_minmay, minmay_stone_trees_small
D:4:      layout_basic, lemuel_round_altar, uniq_eustachio
D:5:      minmay_skewed_foursquare, layout_basic,
          nicolae_overflow_crystal_walls, tso_oasis_becter,
          gammafunk_ghost_hive, uniq_pikel
D:6:      minmay_clustersquares, layout_loops_ring, kennysheep_mini_moat,
          lemuel_doored_altar, uniq_grinder
D:7:      layout_rooms, grunt_gozag_statues, minmay_three_doors
D:8:      layout_gridville, minmay_misc_feat_cross, fungi_pond_lemuel,
          minmay_microvault
D:9:      layout_roguey, amcnicky_altar_gilded, minmay_lair_entry_grove,
          serial_park_tiny_2
D:10:     layout_basic, enter_bailey_8, kennysheep_small_square
D:11:     layout_basic, orc_0_dummy, uniq_fannar
D:12:     layout_basic, enter_trove_1, uniq_kirke
D:13:     layout_rooms, hangedman_vaults_entry_quadrant_bands
D:14:     layout_roguey, minivault_26
D:15:     gammafunk_enter_depths_forms, layout_irregular_city,
          kennysheep_crisscross, zin_purify
Temple:   oiseaux_autumnal_temple
Lair:1:   layout_misc_corridors, grunt_megastairs_1, uniq_urug
Lair:2:   layout_cellular_growth, guppyfry_snake_entry_garden, special_room
          [special_room_bee], nicolae_volcano_entry_two_sided, lemuel_fruit_tree
Lair:3:   layout_regular_city, elwin_shoals_entry_rooms,
          cheibrodos_lair_lostbears
Lair:4:   layout_cave_shapes, st_stairs_13
Lair:5:   layout_long_grid, slime_altar_1, basic_altar, pond,
          serial_bayou_shore_b
Lair:6:   minmay_lair_end_enchanted_forest, layout_hall_layers,
          chequers_serial_rivers_small_b, serial_bayou_shore_b
Snake:1:  layout_gridlike, special_room, gammafunk_ghost_grave, serial_shops,
          shop_fountains, nrook_guardian_serpent_ordinary, minmay_shop_grove,
          grunt_megastairs_3, uniq_agnes, uniq_aizul
Snake:2:  layout_chambers, grunt_megastairs_5, serial_bayou_shore_a
Snake:3:  layout_cave_town, nicolae_snake_gridmaze_swirls,
          chequers_hall_statues_corner_a, hangedman_snake_corridor_split,
          minmay_shoptagon
Snake:4:  snake_pit, layout_gridlike
Orc:1:    layout_caves, serial_shops, shop, mines2_david, uniq_snorg
Orc:2:    st_orc_elflike, layout_caves, serial_shops, shop, uniq_donald

Skill      XL: |  1  2  3  4  5  6  7  8  9 10 11 12 13 14 15 16 17 |
---------------+----------------------------------------------------+-----
Short Blades   | 2 3 4 5 7 9 10 12 | 12.0
Stealth        | 4 5 6 7 8 |  8.0
Fighting       | 3 4 5 6 8 9 10 11 12 13 14 | 14.5
Invocations    | 1 2 4 6 7 8 10 13 14 | 14.3
Shields        | 1 3 5 6 8 10 12 14 15 | 15.0
Translocations | 2 4 |  4.3
Evocations     | 4 6 7 |  7.0
Armour         | 1 4 7 8 9 10 | 10.3
Transmutations | 2 4 |  4.0
Polearms       | 1 3 |  3.1
Throwing       | |  1.7
Dodging        | |  0.8

Action                   |  1- 3 |  4- 6 |  7- 9 | 10-12 | 13-15 | 16-18 || total
-------------------------+-------+-------+-------+-------+-------+-------++-------
Melee: Dagger            |   102 |    76 |   198 |   166 |       |       ||   542
       Headbutt          |       |     8 |    36 |   118 |   265 |   168 ||   595
       Short sword       |       |       |       |   342 |  1070 |   605 ||  2017
Throw: Dart              |    23 |    20 |    74 |    90 |   116 |       ||   323
       Boomerang         |       |       |       |     3 |       |       ||     3
Invok: Draw Destruction  |       |     2 |     9 |     3 |    32 |     1 ||    47
       Draw Summoning    |       |       |    10 |     5 |    21 |     5 ||    41
       Draw Escape       |       |       |     2 |     1 |     6 |       ||     9
       Triple Draw       |       |       |       |     2 |       |       ||     2
       Deal Four         |       |       |       |     2 |     2 |       ||     4
 Abil: Evoke Blink       |       |       |       |       |     1 |       ||     1
Evoke: Wand              |       |       |       |     3 |    12 |     2 ||    17
       Lightning rod     |       |       |       |       |     8 |     5 ||    13
  Use: Scroll            |     2 |     1 |    12 |    10 |    14 |     6 ||    45
       Potion            |       |       |       |     5 |     6 |     6 ||    17
 Stab: Distracted        |       |       |       |       |     2 |       ||     2
       Petrified         |       |       |       |       |     1 |       ||     1
Armor: Plate armour      |    48 |    60 |   131 |   260 |   312 |    64 ||   875
       Crystal plate arm |       |       |       |       |       |    66 ||    66
Dodge: Dodged            |     5 |    11 |    36 |    70 |   116 |    41 ||   279
Block: Kite shield       |       |       |    95 |   223 |   457 |   335 ||  1110
       Reflection        |       |       |       |       |    32 |    46 ||    78

Table legend: (Time is in decaauts)
 A = Elapsed time spent in this place.
 B = Non-inter-level travel time spent in this place.
 C = Inter-level travel time spent in this place.
 D = Time resting spent in this place.
 E = Time spent auto-exploring this place.
 F = Levels seen in this place.
 G = Mean time per level.
                   A        B        C        D        E       F      G
               +--------+--------+--------+--------+--------+-----+--------+
         Total |  35707 |  34351 |   1356 |   7652 |  18747 |  30 | 1190.2 |
       Dungeon |  18591 |  17878 |    713 |   4376 |   9961 |  15 | 1239.4 |
        Temple |    305 |    268 |     37 |      0 |    266 |   1 |  305.0 |
          Lair |   8471 |   8050 |    421 |   1364 |   4797 |   6 | 1411.8 |
     Snake Pit |   4671 |   4602 |     69 |    746 |   2443 |   4 | 1167.8 |
  Orcish Mines |   2910 |   2795 |    115 |   1058 |   1103 |   2 | 1455.0 |
        Bailey |    202 |    202 |      0 |      0 |      0 |   1 |  202.0 |
       Volcano |    555 |    555 |      0 |    107 |    177 |   1 |  555.0 |
               +--------+--------+--------+--------+--------+-----+--------+

Top non-repeatable levels by time:
    D:11: 2166 daAuts
     D:9: 1995 daAuts
  Lair:6: 1986 daAuts
     D:6: 1932 daAuts
 Snake:2: 1811 daAuts
   Orc:2: 1657 daAuts
  Lair:2: 1652 daAuts
     D:5: 1582 daAuts
     D:8: 1418 daAuts
    D:10: 1295 daAuts
  Lair:3: 1272 daAuts
     D:3: 1264 daAuts
  Lair:1: 1263 daAuts
   Orc:1: 1252 daAuts
  Lair:4: 1241 daAuts
